Map: [ESL] Amphion

Players

MaNa

  • Race: Protoss Protoss
  • Spawn Location: 7:00

Elazer - Winner!

  • Race: Zerg Zerg
  • Spawn Location: 11:00

Event: ESL SC2 Masters 2024 Spring (Regional)

VOD

Have the link to the VOD?

Description

Time

  • Played on: April 18, 2024, 11:53 a.m.
  • Length: 7:48

All games in this series

Show
View Real Time Build Order
Export as new Build Order

MaNa Protoss 

Build Orders: 1 Gate Expand, Oracle Opening 

Get SALT Encoding   

  12  0:00  Probe  
  13  0:12  Probe  
  14  0:21  Pylon  
  14  0:24  Probe  
  15  0:39  Probe (Chrono Boost)  
  16  0:45  Gateway  
  16  0:48  Probe (Chrono Boost)  
  17  0:53  Probe  
  17  0:56  Assimilator  
  18  1:05  Probe (Chrono Boost)  
  19  1:17  Probe (Chrono Boost)  
  20  1:22  Probe (Chrono Boost)  
  21  1:36  Nexus  
  21  1:43  Cybernetics Core  
  21  1:46  Probe  
  22  1:53  Assimilator  
  22  1:58  Probe  
  23  2:02  Pylon  
  23  2:20  Stargate, Probe (Chrono Boost)  
  24  2:24  Adept  
  27  2:30  Probe (Chrono Boost)  
  27  2:33  Warp Gate  
  27  2:35  Probe (Chrono Boost)  
  28  2:46  Probe  
  28  2:48  Probe  
  29  2:54  Adept  
  31  2:58  Probe  
  31  3:01  Probe  
  33  3:09  Void Ray (Chrono Boost)  
  33  3:11  Probe  
  38  3:13  Probe  
  39  3:23  Probe  
  39  3:25  Probe, Gateway  
  41  3:31  Pylon  
  41  3:37  Probe (Chrono Boost)  
  41  3:40  Probe (Chrono Boost)  
  43  3:42  Oracle  
  46  3:48  Probe (Chrono Boost)  
  46  3:50  Probe (Chrono Boost)  
  48  3:58  Probe  
  48  4:02  Probe  
  50  4:04  Nexus  
  50  4:10  Probe  
  50  4:11  Pylon  
  50  4:14  Probe  
  52  4:22  Probe  
  53  4:26  Twilight Council, Probe  
  53  4:29  Oracle, Forge  
  57  4:34  Probe  
  57  4:37  Assimilator  
  57  4:38  Probe  
  59  4:39  Assimilator  
  59  4:46  Probe  
  59  4:50  Blink  
  61  4:57  Adept  
  62  5:00  Protoss Ground Weapons Level 1 (Chrono Boost)  
  62  5:10  Gateway  
  62  5:12  Pylon, Gateway  
  62  5:15  Probe x2  
  62  5:23  Pylon, Probe  
  62  5:27  Probe  
  62  5:28  Probe  
  65  5:33  Stalker x2  
  65  5:35  Probe  
  70  5:37  Gateway  
  70  5:41  Probe x2, Gateway  
  72  5:46  Shield Battery  
  72  5:47  Probe  
  73  5:53  Probe x2  
  75  5:57  Stalker x2  
  75  5:59  Probe  
  75  6:00  Robotics Facility  
  80  6:06  Pylon  
  80  6:13  Stalker x2  
  80  6:14  Probe  
  85  6:20  Photon Cannon  
  85  6:21  Probe x2  
  85  6:25  Shield Battery  
  87  6:26  Pylon, Sentry, Probe  
  87  6:29  Stalker  
  92  6:33  Shield Battery  
  92  6:37  Stalker x2  
  96  6:44  Stalker x2  
  100  6:48  Pylon  
  100  6:51  Robotics Bay  
  100  7:05  Stalker  
  94  7:08  Stalker  
  84  7:19  Zealot x2, Stalker x2  
  82  7:30  Shield Battery  
  82  7:34  Stalker x2  
  82  7:36  Pylon  
  57  7:44  Zealot x4  
Show
View Real Time Build Order
Export as new Build Order

Elazer Zerg - Winner!

Build Orders: Hatch First 

Get SALT Encoding   

  12  0:00  Drone  
  13  0:12  Overlord  
  13  0:18  Drone  
  14  0:30  Drone x2  
  16  0:50  Hatchery  
  16  0:53  Drone  
  16  0:57  Drone  
  16  1:00  Drone  
  18  1:11  Extractor  
  18  1:15  Spawning Pool  
  16  1:19  Drone  
  16  1:22  Drone  
  18  1:29  Drone  
  19  1:39  Drone  
  20  1:49  Overlord  
  20  2:01  Queen x2  
  20  2:02  Zergling x2, Drone  
  26  2:12  Zergling x2  
  26  2:14  Metabolic Boost, Drone  
  28  2:23  Zergling x2  
  28  2:25  Drone  
  30  2:32  Drone  
  30  2:34  Drone  
  32  2:41  Queen  
  34  2:48  Overlord, Drone  
  35  2:57  Hatchery  
  34  3:00  Drone  
  35  3:06  Queen  
  35  3:08  Drone  
  35  3:10  Drone  
  39  3:17  Queen  
  41  3:21  Overlord  
  41  3:23  Drone  
  41  3:25  Drone  
  43  3:28  Drone  
  44  3:39  Drone x3  
  47  3:45  Lair  
  47  3:47  Overlord  
  47  3:48  Drone x2  
  49  3:49  Drone  
  50  3:56  Overlord  
  50  4:00  Overlord  
  49  4:06  Drone x2  
  49  4:09  Extractor, Drone x3  
  53  4:11  Drone  
  53  4:12  Extractor  
  53  4:18  Drone x3  
  53  4:19  Drone  
  53  4:20  Drone  
  58  4:25  Overlord, Extractor  
  58  4:28  Drone x3  
  58  4:30  Drone  
  61  4:34  Overlord  
  61  4:39  Drone  
  61  4:42  Drone  
  61  4:45  Spore Crawler x2  
  60  4:46  Extractor, Drone x3  
  60  4:49  Hydralisk Den  
  60  4:50  Drone  
  60  4:52  Drone x2  
  64  4:58  Drone  
  64  4:59  Overlord, Drone x2  
  69  5:00  Overlord  
  69  5:05  Overlord  
  68  5:17  Hydralisk  
  68  5:18  Hydralisk x3  
  68  5:19  Overlord, Grooved Spines  
  68  5:21  Hydralisk  
  75  5:23  Zergling x2  
  75  5:24  Hydralisk  
  80  5:30  Hydralisk x2  
  80  5:32  Hydralisk  
  80  5:34  Hydralisk  
  88  5:38  Hydralisk x2  
  92  5:46  Extractor  
  92  5:47  Overlord  
  92  5:48  Baneling Nest  
  92  5:49  Hydralisk  
  92  5:57  Hydralisk x2  
  95  6:06  Hydralisk  
  95  6:07  Hydralisk  
  99  6:13  Hydralisk  
  99  6:14  Zergling x2  
  99  6:15  Zergling x24  
  114  6:21  Muscular Augments  
  114  6:23  Zergling x4  
  116  6:28  Zergling x8  
  120  6:33  Zergling x8  
  120  6:39  Zergling x10  
  129  6:41  Baneling x5  
  129  6:42  Baneling  
  129  6:43  Baneling x2  
  129  6:44  Baneling  
  129  6:45  Baneling x2  
  129  6:46  Baneling  
  129  6:47  Baneling  
  129  6:49  Baneling x3  
  129  6:54  Overlord  
  129  6:55  Overlord  
  129  6:59  Baneling x5  
  121  7:14  Zergling x24  
  125  7:22  Zergling x2  
  125  7:23  Zergling x2  
  125  7:29  Baneling x12  
Tags
 
Add a new tag
Caveats
  • Supply blocks, unpowered buildings, or Contaminate may cause inaccurate times.
  • Supply counts are checked every 10 seconds.